 Dungeon Crawl Stone Soup version 0.24.0-1-gfbc8707 (webtiles) character file.

Game seed: 8892846987400964770, levelgen mode: deterministic

68 Buxparty the Chopper (level 4, -6/34 HPs)
             Began as a Mummy Gladiator on Jan 3, 2020.
             Mangled by a gnoll
             ... wielding a +0 flail
              (10 damage)
             ... on level 2 of the Dungeon.
             The game lasted 00:02:05 (757 turns).

Buxparty the Chopper (Mummy Gladiator)               Turns: 757, Time: 00:02:06

Health: -6/34      AC:  6    Str: 18    XL:     4   Next: 1%
Magic:  13/13      EV: 13    Int:  7    God:
Gold:   52         SH:  0    Dex: 13    Spells: 3/3 levels left

rFire    x . .     SeeInvis .   a - +0 war axe
rCold    + . .     Gourm    .   (no shield)
rNeg     + + +     Faith    .   b - +0 leather armour
rPois    ∞         Spirit   .   c - +0 helmet
rElec    .         Reflect  .   (no cloak)
rCorr    .         Harm     .   (no gloves)
MR       .....                  j - +1 pair of boots
Stlth    +.........             f - amulet of regeneration
HPRegen  0.51/turn              h - ring of magical power
MPRegen  0.13/turn              (no ring)

@: no status effects
A: no food or potions, fire vulnerability, cold resistance 1, negative energy
resistance 3, torment resistance, unbreathing
a: no special abilities


You were on level 2 of the Dungeon.
You were not hungry.

You visited 1 branch of the dungeon, and saw 2 of its levels.

You collected 52 gold pieces.

Inventory:

Hand Weapons
 a - a +0 war axe (weapon)
Missiles
 d - 3 throwing nets (quivered)
Armour
 b - a +0 leather armour (worn)
 c - a +0 helmet (worn)
 j - a +1 pair of boots (worn)
Jewellery
 f - an amulet of regeneration (around neck)
 h - a ring of magical power (left hand)
Scrolls
 e - 4 scrolls of identify {unknown}
 g - a scroll of amnesia {unknown}
 i - a scroll of fog {unknown}


   Skills:
 + Level 2.6 Fighting
 * Level 3.3 Axes
 - Level 1.5 Throwing
 + Level 2.9 Dodging


You had 3 spell levels left.
You didn't know any spells.
Your spell library was empty.

Dungeon Overview and Level Annotations

Branches:
Dungeon (2/15)

Altars:
Ashenzari
Dithmenos


Innate Abilities, Weirdness & Mutations

You do not eat or drink.
Your flesh is vulnerable to fire.
You are immune to poison.
Your flesh is cold resistant. (rC+)
You are immune to negative energy. (rN+++)
You are immune to unholy pain and torment.
You can survive without breathing.


Message History

You are too injured to fight recklessly!
You are too injured to fight recklessly!
You are too injured to fight recklessly!
You are too injured to fight recklessly!
You are too injured to fight recklessly!
You hit the gnoll.
The gnoll is heavily wounded.
You slash the hobgoblin!
You kill the hobgoblin!
You hit the gnoll. You barely miss the gnoll. The gnoll closely misses you.
The gnoll misses you. The gnoll hits you with a +0 flail!
* * * LOW HITPOINT WARNING * * *
You hit the gnoll.
You kill the gnoll!
You have reached level 4!
You barely miss the gnoll. You hit the gnoll but do no damage.
The gnoll hits you.
* * * LOW HITPOINT WARNING * * *
The gnoll hits you with a +0 flail!
You die...

#....##† #...#...
#..##.#. #..##.#! #####
#.....## ..#######...#
#..####
...g......#.####..#
#..#####)..._..##..#####
#.....g@.#.#.#....<.....
#.....g)...#...#########
##.######.###### #.# #.#
#.# #.#


You could see 2 gnolls.

Vanquished Creatures
  3 adders (D:2)
  A gnoll (D:2)
  A worm (D:2)
  A leopard gecko (D:1)
  2 bats (D:1)
  6 goblins
  4 hobgoblins
  2 jackals (D:2)
  4 kobolds
  2 rats
26 creatures vanquished.

Notes
Turn   | Place    | Note
-------+----------+-------------------------------------------
     0 | D:1      | Buxparty the Mummy Gladiator began the quest for the Orb.
     0 | D:1      | Reached XP level 1. HP: 16/16 MP: 1/1
    99 | D:1      | Reached XP level 2. HP: 18/22 MP: 2/2
   560 | D:2      | Found a shadowy altar of Dithmenos.
   618 | D:2      | Reached skill level 3 in Axes
   618 | D:2      | Reached XP level 3. HP: 6/28 MP: 3/3
   741 | D:2      | Found a shattered altar of Ashenzari.
   757 | D:2      | Reached XP level 4. HP: 8/34 MP: 4/4
   757 | D:2      | Mangled by a gnoll

Levels and vault maps discovered:
D:1:      giann_forest_graveyard, layout_basic, chequers_hall_statues_corner_a,
          minmay_statues_item
D:2:      layout_loops_ring, nicolae_dithmenos_through_a_glass_darkly,
          ashenzari_altar_1, minmay_indecisive_spiral

Skill      XL: |  1  2 |
---------------+-------+-----
Axes           | 3 |  3.3
Fighting       | |  2.6
Throwing       | |  1.5
Dodging        | |  2.9

Action                   |  1- 3 |  4- 6 || total
-------------------------+-------+-------++-------
Melee: War axe           |    57 |       ||    57
Armor: Leather armour    |    16 |       ||    16
Dodge: Dodged            |    56 |       ||    56
